 Dungeon Crawl Stone Soup version 0.32-a0-39-g5c88369fb2 (webtiles) character file.

Game seed: 15288647840976596240

242643 DeathSun the Slayer (level 18, -16/182 HPs)
             Began as a Minotaur Fighter on Feb 2, 2024.
             Was the Champion of the Shining One.
             Demolished by an orc knight
             ... wielding a +3 halberd
              (20 damage)
             ... on level 1 of the Vaults.
             The game lasted 01:58:27 (46317 turns).

DeathSun the Slayer (Minotaur Fighter)             Turns: 46317, Time: 01:58:28

Health: -16/182    AC: 31    Str: 26    XL:     18   Next: 68%
Magic:  0/29       EV:  8    Int:  7    God:    the Shining One [******]
Gold:   2589       SH:  0    Dex: 11    Spells: 17/17 levels left

rFire   . . .        a - +2 battleaxe (freeze)
rCold   . . .        (shield currently unavailable)
rNeg    + + +        P - +7 plate armour {Will+}
rPois   +            z - +2 hat
rElec   .            H - +1 cloak
rCorr   .            D - +0 pair of gloves
SInv    .            n - +0 pair of boots
Will    ++...        i - amulet of guardian spirit Stlth
                     R - ring of flight
HPRegen 0.50/turn    b - ring of poison resistance
MPRegen 0.21/turn

%: guardian spirit
@: flying, glowing, studying Axes
A: horns 2, retaliatory headbutt
}: 2/15 runes: serpentine, barnacled
a: Renounce Religion, Divine Shield, Cleansing Flame, Summon Divine Warrior,
Brand Weapon With Holy Wrath


You were on level 1 of the Vaults.
You worshipped the Shining One.
The Shining One was exalted by your worship.
You visited 7 branches of the dungeon, and saw 32 of its levels.
You also visited: Sewer, Ossuary and Bailey.

You collected 3490 gold pieces.
You spent 901 gold pieces at shops.

Inventory:

Hand Weapons
 a - a +2 battleaxe of freezing (weapon)
 c - a +0 broad axe
Armour
 n - a +0 pair of boots (worn)
 z - a +2 hat (worn)
 B - a +3 plate armour of cold resistance
 D - a +0 pair of gloves (worn)
 H - a +1 cloak (worn)
 L - a +3 scale mail of fire resistance
 P - a +7 plate armour of willpower (worn)
 Q - a +2 kite shield of protection
Jewellery
 b - a ring of poison resistance (right hand)
 i - an amulet of guardian spirit (around neck)
 A - a ring of protection from cold
 F - a +5 ring of evasion
 M - a +4 ring of protection
 R - a ring of flight (left hand)
 T - a ring of willpower
 Y - a ring of resist corrosion
Wands
 d - a wand of iceblast (22)
 r - a wand of paralysis (21)
 K - a wand of light (18)
 N - a wand of flame (22) (quivered)
 S - a wand of mindburst (35)
 X - a wand of digging (8)
Scrolls
 g - a scroll of silence
 j - 8 scrolls of teleportation
 l - a scroll of revelation
 q - 7 scrolls of identify
 s - 4 scrolls of immolation
 t - 3 scrolls of fear
 u - 3 scrolls of fog
 v - 4 scrolls of vulnerability
 y - 2 scrolls of noise
 C - 3 scrolls of summoning
 E - 6 scrolls of poison
 I - 2 scrolls of blinking
 U - 3 scrolls of amnesia
 V - 2 scrolls of enchant weapon
Potions
 e - 10 potions of brilliance
 f - 10 potions of mutation
 h - 6 potions of enlightenment
 k - 3 potions of haste
 o - 11 potions of curing
 p - 4 potions of resistance
 x - 4 potions of magic
 G - 4 potions of ambrosia
 J - a potion of heal wounds
 O - 5 potions of might
 Z - 2 potions of attraction
Miscellaneous
 m - a phial of floods
 w - a phantom mirror
 W - a sack of spiders (inert)


   Skills:
 * Level 21.4 Fighting
 * Level 20.7 Axes
 * Level 15.1 Armour
 - Level 4.0 Shields
 + Level 16.2 Invocations
 - Level 13.0 Evocations


You had 17 spell levels left.
You didn't know any spells.
Your spell library contained the following spells:

 Spells                   Type           Power      Damage    Failure   Level
 Kiss of Death            Conj/Necr      0%         2d5       97%         1
 Slow                     Hex            0%         N/A       97%         1
 Lesser Beckoning         Tloc           0%         N/A       99%         2
 Mercury Vapours          Alch/Air       0%         N/A       99%         2
 Confusing Touch          Hex            0%         N/A       100%        3
 Frozen Ramparts          Ice            0%         1d1       100%        3
 Fugue of the Fallen      Necr           0%         N/A       100%        3
 Gell's Gravitas          Tloc           0%         N/A       100%        3
 Hailstorm                Conj/Ice       0%         3d5       100%        3
 Inner Flame              Hex/Fire       0%         N/A       100%        3
 Mephitic Cloud           Conj/Alch/Air  0%         N/A       100%        3
 Ozocubu's Armour         Ice            0%         N/A       100%        3
 Sigil of Binding         Hex            0%         N/A       100%        3
 Teleport Other           Tloc           0%         N/A       100%        3
 Vampiric Draining        Necr           0%         2d6       100%        3
 Airstrike                Air            0%         2d(0-16)  100%        4
 Dispel Undead            Necr           0%         3d6       100%        4
 Flame Wave               Conj/Fire      0%         2d4       100%        4
 Leda's Liquefaction      Alch/Erth      0%         N/A       100%        4
 Manifold Assault         Tloc           0%         N/A       100%        4
 Petrify                  Alch/Erth      0%         N/A       100%        4
 Sticky Flame             Fire/Alch      0%         2d4       100%        4
 Freezing Cloud           Conj/Ice/Air   0%         6-21      100%        5
 Lee's Rapid Deconstruct  Erth           0%         3d4*      100%        5
 Metabolic Englaciation   Hex/Ice        0%         N/A       100%        5
 Summon Forest            Summ/Tloc      0%         N/A       100%        5
 Summon Mana Viper        Hex/Summ       0%         N/A       100%        5
 Bombard                  Conj/Erth      0%         9d1       100%        6
 Eringya's Noxious Bog    Alch           0%         4d6       100%        6
 Summon Cactus Giant      Summ           0%         N/A       100%        6
 Summon Hydra             Summ           0%         N/A       100%        7
 Chain Lightning          Conj/Air       0%         N/A       100%        9
 Fire Storm               Conj/Fire      0%         5d1       100%        9
 Shatter                  Erth           0%         3d5*      100%        9


Dungeon Overview and Level Annotations

Branches:
Dungeon (15/15)            Temple (1/1) D:6            Lair (5/5) D:11
 Shoals (4/4) Lair:2        Snake (4/4) Lair:2        Slime (0/5) Lair:5
    Orc (2/2) D:12            Elf (0/3) Orc:2        Vaults (1/5) D:13
 Depths (0/4) D:15          Sewer (visited)         Ossuary (visited)
 Bailey (visited)

Altars:
Ashenzari
Cheibriados
Dithmenos
Elyvilon
Fedhas
Gozag
Hepliaklqana
Kikubaaqudgha
Makhleb
Nemelex Xobeh
Okawaru
Qazlal
Ru
Sif Muna
Trog
Uskayaw
Vehumet
Wu Jian
Xom
Yredelemnul
Zin
The Shining One
Jiyva

Shops:
D:3 [   D:14 =   Orc:2 [((*=   Shoals:4 *

Portals:
Trove: D:15 (show slimy rune of Zot)

Annotations:
D:5 6 runed translucent doors, Crazy Yiuf
D:8 1 runed translucent door, Pascal76's ghost, novice MiFi
Lair:5 1 runed translucent door
Snake:2 3 runed translucent doors


Innate Abilities, Weirdness & Mutations

You have a pair of horns on your head.
You reflexively headbutt those who attack you in melee.


Message History

The orc knight is severely wounded.
You hit the orc knight. You freeze the orc knight.
The orc knight unwields a +0 arbalest.
The orc knight wields a +3 vampiric broad axe.
The orc knight hits you with a +3 vampiric broad axe!!
* * * LOW HITPOINT WARNING * * *
The orc knight hits your ironbound frostheart with a +3 vampiric broad axe!
Your ironbound frostheart touches the orc knight!
Your ironbound frostheart freezes the orc knight!!
The orc knight dies!
Your vault warden hits the orc knight with a +0 great mace!
Your vault guard misses the orc knight.
The orc knight hits you with a +0 war axe of flaming!
* * * LOW HITPOINT WARNING * * *
The orc knight burns you.
* * * LOW HITPOINT WARNING * * *
The orc knight hits your vault warden with a +0 war axe of flaming!
The orc knight burns your vault warden.
The orc knight hits your ironbound frostheart with a +0 war axe of flaming!
The orc knight burns your ironbound frostheart.
The orc knight hits your vault guard with a +0 war axe of flaming.
The orc knight burns your vault guard.
The orc knight hits you but does no damage.
Okay, then.
You feel much better.
Your ironbound frostheart completely misses the orc knight.
Your vault warden hits the orc knight but does no damage.
Your vault sentinel hits the orc knight with a +0 long sword.
Your vault guard hits the orc knight with a +1 long sword of holy wrath.
The orc knight misses your vault warden.
The orc knight hits you with a +0 war axe of flaming!
* * * LOW HITPOINT WARNING * * *
The orc knight burns you.
* * * LOW HITPOINT WARNING * * *
The orc knight hits your ironbound frostheart with a +0 war axe of flaming.
The orc knight burns your ironbound frostheart.
The orc knight hits your vault guard with a +0 war axe of flaming.
The orc knight burns your vault guard.
The orc knight hits you from afar with a +3 halberd!!
You die...

#################################
.................................
..................p..............
................ppo..............
................@o......oo.......
................p$...............
.................................
...................###########...
...................# ..
...................# .
...................#
##########....# ############....#


You could see 2 orc knights, a friendly vault warden (summoned), a friendly
vault guard (summoned), a friendly ironbound frostheart (summoned) and a
friendly vault sentinel (summoned).

Vanquished Creatures
  Vashnia (Snake:2)
  Saint Roka (Snake:1)
  Jorgrun (Snake:1)
  Frances (Shoals:1)
  Gastronok (D:12)
  Agnes (Snake:3)
  Aizul (Snake:1)
  3 nagarajas (Snake:4)
  A frost giant (D:15)
  A vault warden (Vaults:1)
  A formless jellyfish (Shoals:4)
  2 orc warlords
  2 stone giants (Vaults:1)
  5 ironbound preservers (Vaults:1)
  A war gargoyle (D:13)
  Azrael (D:12)
  3 dire elephants
  7 merfolk impalers
  An entropy weaver (shapeshifter) (D:15)
  2 merfolk javelineers
  3 yaktaur captains
  2 vault guards (Vaults:1)
  Erolcha (Orc:2)
  5 hydras
  4 salamander tyrants
  3 merfolk avatars
  11 centaur warriors
  Harold (Lair:1)
  4 catoblepae
  6 boulder beetles
  5 anacondas
  2 satyrs (Shoals:4)
  3 two-headed ogres
  Erica (D:9)
  3 alligator snapping turtles
  14 naga warriors
  6 death yaks
  3 tengu warriors (D:15)
  10 naga sharpshooters
  An orc high priest (Orc:1)
  9 merfolk aquamancers
  2 shock serpents
  4 salamander mystics
  A storm dragon zombie (Vaults:1)
  Amaemon (Lair:1)
  3 skysharks
  Lodul (D:12)
  13 sea snakes
  A naga ritualist (Snake:4)
  9 deep trolls
  8 mana vipers
  An arcanist (Vaults:1)
  A necromancer (D:13)
  A phantasmal warrior (Vaults:1)
  A lindwurm (Lair:5)
  6 ironbound convokers (Vaults:1)
  Pikel (D:5)
  14 harpies
  8 orc knights
  2 deep elf pyromancers
  5 cyclopes
  3 orc sorcerers
  9 ugly things
  19 salamanders
  13 manticores
  13 fauns
  6 merfolk sirens
  36 black mambas
  3 torpor snails
  3 kobold blastminers
  A vault sentinel (Vaults:1)
  6 water nymphs
  An orange demon (Lair:2)
  15 naga magi
  11 guardian serpents
  14 cane toads
  Jeremiah (D:8)
  An unseen horror (D:11)
  3 yaktaurs (Vaults:1)
  5 rime drakes
  7 komodo dragons
  3 kobold demonologists
  An efreet (D:15)
  29 merfolk
  3 wind drakes
  2 polar bears (Lair:4)
  6 trolls
  3 red devils (D:9)
  Grinder (D:3)
  2 hornets
  A glass eye (shapeshifter) (Vaults:1)
  7 blink frogs
  Prince Ribbit (D:7)
  8 snapping turtles
  A vampire (D:8)
  2 centaur simulacra
  15 slime creatures
  5 wyverns
  A wraith (D:12)
  2 shadows (D:10)
  13 water elementals
  8 vampire mosquitoes
  A hog (shapeshifter) (D:14)
  16 humans (D:13)
  3 basilisks
  2 wargs
  3 fire elementals (D:12)
  35 yaks
  A steam dragon (Lair:4)
  A human simulacrum (Vaults:1)
  3 acid dragons
  20 nagas
  2 hell hounds (D:12)
  9 water moccasins
  3 ice beasts
  37 orc warriors
  A black bear (D:4)
  15 ogres
  15 wolves
  8 centaurs
  2 phantoms
  26 kobold brigands
  7 bullfrogs
  3 elf zombies (Ossuary)
  3 scorpions
  4 wights
  23 killer bees
  An oklob sapling (D:6)
  2 electric eels
  3 howler monkeys
  3 bombardier beetles
  2 jellies
  A centaur zombie (Ossuary)
  2 quasits (Sewer)
  2 hounds
  20 orc priests
  3 human zombies (Ossuary)
  A spectral scorpion (Ossuary)
  An iguana (D:5)
  24 orc wizards
  A hell rat (D:11)
  2 crocodile zombies (Ossuary)
  2 spectral hounds (Ossuary)
  3 mummies (Ossuary)
  8 gnolls
  8 adders
  3 hound simulacra (Ossuary)
  3 shadow imps (Sewer)
  4 ufetubi (Sewer)
  A spectral adder (Ossuary)
  4 spectral gnolls (Ossuary)
  6 dart slugs
  A ribbon worm (D:4)
  2 adder simulacra (Ossuary)
  101 orcs
  11 endoplasms
  7 giant cockroaches
  5 gnoll zombies (Ossuary)
  9 goblins
  6 hobgoblins
  2 jackals (D:2)
  7 quokkas
  11 ball pythons
  10 bats
  5 frilled lizards
  3 gnoll simulacra (Ossuary)
  2 jackal simulacra (Ossuary)
  36 kobolds
  8 kobold zombies
  6 orc zombies (Ossuary)
  10 rats
  3 spectral jackals (Ossuary)
1099 creatures vanquished.

Vanquished Creatures (collateral kills)
  A quicksilver dragon (Snake:4)
  Roxanne (D:14)
  2 nagarajas
  A vault guard (Vaults:1)
  3 salamander tyrants (Snake:4)
  2 hydras
  A great orb of eyes (Vaults:1)
  2 death yaks (Lair:5)
  A shock serpent (Snake:4)
  A naga sharpshooter (Snake:4)
  An arcanist (Vaults:1)
  An orc knight (Vaults:1)
  A manticore (Lair:5)
  A faun (Shoals:1)
  A salamander (Snake:4)
  A merfolk siren (Shoals:1)
  2 naga magi (Snake:4)
  A guardian serpent (Snake:4)
  A water nymph (Shoals:4)
  3 cane toads (Lair:5)
  A rime drake (Lair:5)
  A merfolk (Shoals:1)
  A snapping turtle (Shoals:4)
  2 nagas (Snake:4)
  2 water moccasins
35 creatures vanquished.

Vanquished Creatures (others)
  An orc priest (Orc:2)
  An orc wizard (Orc:2)
  2 orcs
  An endoplasm (Sewer)
5 creatures vanquished.

Grand Total: 1139 creatures vanquished

Notes
Turn   | Place    | Note
-------+----------+-------------------------------------------
     0 | D:1      | DeathSun the Minotaur Fighter began the quest for the Orb.
     0 | D:1      | Reached XP level 1. HP: 19/19 MP: 0/0
   136 | D:1      | Reached XP level 2. HP: 23/26 MP: 1/1
   470 | D:1      | Reached XP level 3. HP: 31/31 MP: 2/2
   690 | D:2      | Found an ancient bone altar of Kikubaaqudgha.
  1223 | D:2      | Reached skill level 5 in Axes
  1455 | D:3      | Reached XP level 4. HP: 39/39 MP: 3/3
  1497 | D:3      | Found a glowing silver altar of Zin.
  1617 | D:3      | Found a stormy altar of Qazlal.
  1861 | D:3      | Found a faded altar of an unknown god.
  2099 | D:3      | Reached XP level 5. HP: 43/45 MP: 4/4
  2163 | D:3      | Found Elifich's Antique Armour Boutique.
  2240 | D:3      | Noticed Grinder
  2247 | D:3      | Paralysed by Grinder for 3 turns
  2251 | D:3      | Killed Grinder
  2252 | D:3      | Reached XP level 6. HP: 35/51 MP: 2/5
  2344 | D:3      | Found a sparkling altar of Nemelex Xobeh.
  2347 | D:3      | Found a shimmering altar of Xom.
  2350 | D:3      | Found a radiant altar of Vehumet.
  2563 | D:4      | Found a snail-covered altar of Cheibriados.
  2634 | D:4      | Reached XP level 7. HP: 51/57 MP: 4/6
  2690 | D:4      | Reached skill level 1 in Evocations
  2858 | D:4      | Found a glowing drain.
  2877 | Sewer    | Entered a sewer
  3063 | Sewer    | Found a burning altar of Makhleb.
  3134 | Sewer    | Reached skill level 10 in Axes
  3485 | D:4      | Found a white marble altar of Elyvilon.
  3590 | D:4      | Reached XP level 8. HP: 59/64 MP: 5/7
  3704 | D:5      | Entered Level 5 of the Dungeon
  3845 | D:5      | Found a runed translucent door.
  3846 | D:5      | Noticed Crazy Yiuf
  4043 | D:5      | Found a runed translucent gate.
  4044 | D:5      | Found the +9 staff of Olgreb {rPois∞}
  4048 | D:5      | Found a runed translucent door.
  4165 | D:5      | Noticed Pikel
  4180 | D:5      | Killed Pikel
  4279 | D:5      | Found a sand-covered staircase.
  4286 | Ossuary  | Entered an ossuary
  4535 | Ossuary  | Reached XP level 9. HP: 70/70 MP: 8/8
  4694 | D:5      | Found a runed translucent gate.
  4694 | D:5      | Found a runed translucent gate.
  4696 | D:5      | Found a runed translucent door.
  4779 | D:5      | Reached skill level 5 in Evocations
  5366 | D:6      | Found a staircase to the Ecumenical Temple.
  5429 | Temple   | Entered the Ecumenical Temple
  5469 | Temple   | Became a worshipper of the Shining One
  6737 | D:7      | Noticed Prince Ribbit
  6757 | D:7      | Killed Prince Ribbit
  7171 | D:8      | Reached XP level 10. HP: 72/77 MP: 6/9
  7490 | D:8      | Reached skill level 15 in Axes
  7540 | D:8      | Found a runed translucent door.
  7542 | D:8      | Noticed Pascal76's ghost (novice MiFi)
  7686 | D:8      | Got the Treatise on the Foggy Winter
  7726 | D:8      | Noticed Jeremiah
  7759 | D:8      | Killed Jeremiah
  7943 | D:8      | Found an ancient bone altar of Kikubaaqudgha.
  7956 | D:8      | Found an ornate altar of the Wu Jian Council.
  7956 | D:8      | Reached * piety under the Shining One
  8123 | D:9      | Reached skill level 1 in Invocations
  8322 | D:9      | Paralysed by a hornet for 3 turns
  8570 | D:9      | Found a flagged portal.
  8602 | Bailey   | Entered a bailey
  8917 | Bailey   | Identified the +5 ring mail "Nudilidd" {-Tele rElec Will++}
  9356 | D:9      | Noticed Erica
  9361 | D:9      | Reached skill level 4 in Fighting
  9493 | D:9      | Reached skill level 5 in Fighting
  9493 | D:9      | Reached XP level 11. HP: 79/86 MP: 11/13
  9503 | D:9      | Killed Erica
  9828 | D:10     | Entered Level 10 of the Dungeon
  9948 | D:10     | Reached skill level 6 in Fighting
  9960 | D:10     | Reached ** piety under the Shining One
 10009 | D:10     | Noticed a soul eater
 10010 | D:10     | Reached skill level 7 in Fighting
 10010 | D:10     | Reached skill level 5 in Invocations
 10285 | D:10     | Found a basalt altar of Yredelemnul.
 10304 | D:10     | Identified the +0 chain mail of Lesit {^Drain *Slow rF+++
                  | rCorr}
 11009 | D:11     | Reached skill level 8 in Fighting
 11059 | D:11     | Noticed a boulder beetle
 11075 | D:11     | Killed a boulder beetle
 11208 | D:11     | Noticed a death yak
 11217 | D:11     | Noticed a death yak
 11221 | D:11     | Noticed a death yak
 11223 | D:11     | Killed a death yak
 11233 | D:11     | Killed a death yak
 11234 | D:11     | Reached skill level 9 in Fighting
 11240 | D:11     | Killed a death yak
 11306 | D:11     | Found a staircase to the Lair.
 11619 | D:11     | Reached XP level 12. HP: 91/106 MP: 13/15
 11694 | D:11     | Reached skill level 10 in Fighting
 12116 | D:12     | Noticed Azrael
 12121 | D:12     | Noticed Gastronok
 12328 | D:13     | Noticed a two-headed ogre
 12328 | D:13     | Noticed a centaur warrior
 12328 | D:13     | Reached *** piety under the Shining One
 12328 | D:13     | Noticed a centaur warrior
 12328 | D:13     | Found a gate to the Vaults.
 12464 | D:12     | Found a staircase to the Orcish Mines.
 12694 | D:12     | Killed Gastronok
 12695 | D:12     | Reached skill level 10 in Evocations
 12817 | D:12     | Reached skill level 11 in Fighting
 12829 | D:12     | Noticed Lodul
 12839 | D:12     | Killed Lodul
 13001 | D:12     | Killed Azrael
 13402 | Lair:1   | Entered Level 1 of the Lair of Beasts
 14122 | Lair:1   | Reached skill level 12 in Fighting
 14240 | Lair:1   | Noticed Harold
 14250 | Lair:1   | Killed Harold
 14409 | Lair:2   | Noticed a six-headed hydra
 14510 | Lair:2   | Noticed Amaemon
 14512 | Lair:2   | Noticed a seven-headed hydra
 14630 | Lair:2   | Killed a seven-headed hydra
 14650 | Lair:1   | Killed Amaemon
 14807 | Lair:2   | Reached XP level 13. HP: 119/119 MP: 18/18
 15195 | Lair:2   | Found a staircase to the Snake Pit.
 15282 | Lair:2   | Reached **** piety under the Shining One
 15295 | Lair:2   | Reached skill level 13 in Fighting
 15314 | Lair:2   | Found a staircase to the Shoals.
 17342 | Lair:4   | Reached skill level 14 in Fighting
 17679 | Lair:4   | You fall into a shaft and drop 1 floor!
 17679 | Lair:5   | Entered Level 5 of the Lair of Beasts
 18196 | Lair:5   | Reached XP level 14. HP: 117/133 MP: 17/20
 18206 | Lair:5   | Reached skill level 15 in Fighting
 19342 | Lair:4   | Reached skill level 10 in Invocations
 20175 | Lair:5   | Found a runed translucent door.
 20175 | Lair:5   | Found a viscous altar of Jiyva.
 20176 | Lair:5   | Found a staircase to the Slime Pits.
 20176 | Lair:5   | Noticed an acid blob
 20628 | Orc:1    | Entered Level 1 of the Orcish Mines
 20909 | Orc:2    | Entered Level 2 of the Orcish Mines
 20916 | Orc:1    | Reached skill level 16 in Fighting
 21017 | Orc:2    | Found Loqej's Antique Weapon Emporium.
 21482 | Orc:2    | Noticed Erolcha
 21482 | Orc:2    | Reached ***** piety under the Shining One
 21488 | Orc:2    | Noticed an orc warlord
 21687 | D:13     | Identified the +8 quarterstaff "Keobaikk" {heavy, Int+6}
 22206 | D:13     | Reached skill level 17 in Fighting
 22792 | D:14     | Found Koregot's Jewellery Shoppe.
 23485 | D:14     | Noticed Roxanne
 23501 | D:14     | Killed Roxanne
 23643 | D:15     | Entered Level 15 of the Dungeon
 23956 | D:14     | Reached skill level 18 in Fighting
 24431 | D:14     | Reached XP level 15. HP: 138/149 MP: 22/22
 24997 | D:15     | Found a portal to a secret trove of treasure.
 25214 | D:15     | Found a staircase to the Depths.
 25214 | D:15     | Noticed a frost giant
 25227 | D:15     | Killed a frost giant
 25619 | Snake:1  | Entered Level 1 of the Snake Pit
 26163 | Snake:1  | Reached skill level 5 in Armour
 26749 | Snake:1  | Identified the serpent talisman of Erpheytt {Str+3}
 26749 | Snake:1  | Noticed Aizul
 26764 | Snake:1  | Killed Aizul
 27443 | Snake:1  | Noticed Jorgrun
 27462 | Snake:1  | Killed Jorgrun
 28562 | Snake:2  | Noticed Saint Roka
 29115 | Snake:1  | Killed Saint Roka
 29353 | Snake:2  | Noticed a nagaraja
 29364 | Snake:2  | Killed a nagaraja
 29674 | Snake:2  | Noticed Vashnia
 29785 | Snake:2  | Killed Vashnia
 29786 | Snake:2  | Reached XP level 16. HP: 56/159 MP: 4/24
 30705 | Snake:2  | Found a runed translucent gate.
 30705 | Snake:2  | Found a runed translucent gate.
 30705 | Snake:2  | Found a runed translucent gate.
 31182 | Snake:3  | Reached skill level 10 in Armour
 32759 | Snake:3  | Noticed Agnes
 32765 | Snake:3  | Killed Agnes
 33051 | Snake:4  | Entered Level 4 of the Snake Pit
 34743 | Snake:4  | Noticed a quicksilver dragon
 34757 | Snake:4  | Killed a quicksilver dragon
 35021 | Snake:4  | Got a serpentine rune of Zot
 35240 | Snake:4  | Reached XP level 17. HP: 75/166 MP: 13/26
 36013 | Orc:2    | Killed Erolcha
 36515 | Orc:2    | Found a staircase to the Elven Halls.
 36646 | Orc:2    | Found Utrott's Jewellery Shoppe.
 36723 | Orc:2    | Found Loczuanu's Antique Weapon Shoppe.
 36738 | Orc:2    | Found Ciodeal's Antique Armour Shoppe.
 36745 | Orc:2    | Bought a pair of ancient boots for 313 gold pieces
 36745 | Orc:2    | Identified the +2 pair of boots of Perfidy {Fly rC- Str-2
                  | Stlth+} (You bought it in a shop on level 2 of the Orcish
                  | Mines)
 36754 | Orc:2    | Found Litsant's General Store.
 36985 | Orc:1    | Reached skill level 19 in Fighting
 37431 | Shoals:1 | Entered Level 1 of the Shoals
 37893 | Shoals:1 | Reached skill level 15 in Invocations
 38299 | Shoals:1 | Noticed Frances
 38317 | Shoals:1 | Killed Frances
 41256 | Shoals:3 | Reached skill level 20 in Fighting
 42001 | Shoals:4 | Entered Level 4 of the Shoals
 42173 | Shoals:4 | Found Dasebban's Gadget Gallery.
 42184 | Shoals:4 | Bought a wand of digging (7) for 588 gold pieces
 43282 | Shoals:4 | Reached XP level 18. HP: 179/180 MP: 28/28
 44253 | Shoals:4 | Got a barnacled rune of Zot
 44618 | Vaults:1 | Entered Level 1 of the Vaults
 44618 | Vaults:1 | Reached ****** piety under the Shining One
 45154 | Vaults:1 | Reached skill level 21 in Fighting
 46127 | Vaults:1 | Reached skill level 15 in Armour
 46316 | Vaults:1 | HP: 4/182 [orc knight/+0 war axe of flaming (14)]
 46316 | Vaults:1 | HP: 1/182 [orc knight/+0 war axe of flaming (3)]
 46317 | Vaults:1 | Demolished by an orc knight

Illustrated notes

Levels and vault maps discovered:
D:1:      orjb1_clovarrival, layout_basic, minmay_surrounded
D:2:      layout_basic, basic_altar, palyth_stone_intersect,
          minmay_misc_feat_room, minmay_diced_spiral
D:3:      layout_basic, grunt_temple_overflow_diamond,
          nicolae_qazlal_scattered_showers, mainiacjoe_overflow_cross_hatched,
          nicolae_ecumenical_snake_handling, serial_shops,
          nicolae_shop_overgrown_old_shop, minmay_between, uniq_grinder
D:4:      layout_rooms, nicolae_overflow_crystal_walls, kennysheep_mini_moat,
          cheibrodos_sewer_entry_drain
D:5:      layout_loops_corners, enter_ossuary_3,
          minmay_guarded_unrand_staff_of_olgreb, uniq_pikel,
          uniq_crazy_yiuf_cottage
D:6:      layout_loops_cross, minmay_temple_entry_oklob, serial_bayou_ford_a,
          kennysheep_another_room
D:7:      layout_basic, uniq_prince_ribbit1
D:8:      layout_rooms, jmf_multi_god_temple2, ebering_ghost_inner_flame,
          nicolae_figureground_pulse, uniq_jeremiah
D:9:      layout_loops_ring, enter_bailey_2, grunt_ministairs_13,
          einodemon_armed_red_devil_minivault, uniq_erica
D:10:     layout_roguey [special_room_kobold], overflow_temple_1_default
D:11:     layout_basic, dpeg_lair_monsters
D:12:     layout_rooms, minmay_orc_entry_temple_small, uniq_azrael,
          uniq_gastronok, uniq_lodul
D:13:     layout_roguey, david_vaults_3
D:14:     layout_basic, infiniplex_staircase_zigzag_1, serial_shops, shop,
          uniq_roxanne
D:15:     grunt_enter_depths_snipers, layout_basic, special_room
          [special_room_orc], nicolae_trove_entry_diagonal
Temple:   nicolae_temple_godzebo
Lair:1:   layout_loops_ring, uniq_harold
Lair:2:   layout_regular_city, nicolae_shoals_entry_roost,
          alex1729_snake_entry_snake, uniq_amaemon
Lair:3:   beast_lair_carwin_large_2, layout_regular_city
Lair:4:   layout_concentric_octagons, grunt_megastairs_3
Lair:5:   hangedman_lair_in_review, layout_cave_pods, slime_entry_2,
          serial_bayou_pond_b
Shoals:1: layout_shoals, nicolae_shoals_mertower, uniq_frances
Shoals:2: layout_shoals
Shoals:3: layout_shoals
Shoals:4: shoals_end_simple, layout_shoals, nicolae_shop_gadgets
Snake:1:  layout_basic, hangedman_snake_corridor_split, uniq_aizul, uniq_jorgrun
Snake:2:  layout_rooms, nicolae_snake_horde_hoard, uniq_vashnia, uniq_saint_roka
Snake:3:  layout_concentric_octagons, serial_bayou, serial_bayou_lagoon_a,
          serial_bayou_pond_c, serial_bayou_shore_b, serial_bayou_pond_c,
          serial_bayou_shore_a, uniq_agnes
Snake:4:  hellmonk_snake_rune_quicksilver_temple, layout_misc_corridors,
          lemuel_fruit_tree
Orc:1:    layout_caves
Orc:2:    grunt_orc_cross, layout_caves, serial_shops,
          nicolae_shop_tiny_statue_garden
Vaults:1: v_misc_1, ontoclasm_vaults_ring_small,
          nicolae_vaults_storage_room_doors,
          nicolae_vaults_shipping_containers_2, v_rooms_4,
          nicolae_vaults_apartment_1, nicolae_vaults_sesquioval_fish,
          nicolae_vaults_diamond_2, vaults_mumra_minichess, v_rooms_1,
          vaults_room_large_hall, vaults_dpeg_encased_lava,
          hangedman_vaults_trim, layout_vaults_omnicross

Skill      XL: |  1  2  3  4  5  6  7  8  9 10 11 12 13 14 15 16 17 18 |
---------------+-------------------------------------------------------+-----
Axes           | 3 4 5 6 8 9 10 12 14 16 17 20 | 20.7
Shields        | 4 |  4.0
Evocations     | 2 4 6 8 9 11 12 13 | 13.0
Invocations    | 4 6 8 9 11 12 14 15 16 | 16.2
Fighting       | 5 9 12 14 18 20 21 | 21.4
Armour         | 8 10 13 15 | 15.1

Action                     |  1- 3 |  4- 6 |  7- 9 | 10-12 | 13-15 | 16-18 || total
---------------------------+-------+-------+-------+-------+-------+-------++-------
  Melee: War axe           |   118 |    55 |   422 |   714 |   924 |       ||  2233
         Headbutt          |    14 |     7 |    77 |   196 |   390 |   341 ||  1025
         Battleaxe         |       |       |       |       |   215 |  1028 ||  1243
  Throw: Dart              |       |       |    10 |     7 |       |       ||    17
 Invoke: Divine Shield     |       |       |       |     9 |     4 |     2 ||    15
         Cleansing Flame   |       |       |       |       |     4 |     1 ||     5
         Summon Divine War |       |       |       |       |     1 |     3 ||     4
  Evoke: Wand              |       |       |     2 |    23 |    29 |     4 ||    58
         Sack of spiders   |       |       |       |       |     5 |     5 ||    10
         Phantom mirror    |       |       |       |       |     1 |     2 ||     3
    Use: Potion            |       |     1 |     1 |     4 |     3 |     8 ||    17
         Scroll            |       |       |     8 |    12 |     9 |    13 ||    42
   Stab: Paralysed         |       |       |     2 |       |       |       ||     2
 Armour: Scale mail        |    78 |    42 |   195 |     9 |   601 |       ||   925
         Skin              |       |       |    12 |       |     2 |       ||    14
         Ring mail         |       |       |     5 |    85 |       |       ||    90
         Plate armour      |       |       |       |   236 |   256 |  1198 ||  1690
  Dodge: Dodged            |    52 |    16 |   175 |   237 |   480 |   433 ||  1393
  Block: Buckler           |    19 |    11 |    78 |    35 |       |       ||   143
         Kite shield       |       |       |       |   241 |   416 |       ||   657
         Other             |       |       |       |       |     2 |     5 ||     7

Table legend: (Time is in decaauts)
 A = Elapsed time spent in this place.
 B = Non-inter-level travel time spent in this place.
 C = Inter-level travel time spent in this place.
 D = Time resting spent in this place.
 E = Time spent auto-exploring this place.
 F = Levels seen in this place.
 G = Mean time per level.
                   A        B        C        D        E       F      G
               +--------+--------+--------+--------+--------+-----+--------+
         Total |  45898 |  43487 |   2411 |      0 |  33830 |  35 | 1311.4 |
       Dungeon |  16935 |  15640 |   1295 |      0 |  11432 |  15 | 1129.0 |
        Temple |     69 |     41 |     28 |      0 |     11 |   1 |   69.0 |
          Lair |   7892 |   7289 |    603 |      0 |   5642 |   5 | 1578.4 |
        Shoals |   6362 |   6214 |    148 |      0 |   5186 |   4 | 1590.5 |
     Snake Pit |  10141 |   9905 |    236 |      0 |   8500 |   4 | 2535.2 |
  Orcish Mines |   2207 |   2108 |     99 |      0 |   1640 |   2 | 1103.5 |
        Vaults |   1035 |   1035 |      0 |      0 |    653 |   1 | 1035.0 |
         Sewer |    475 |    475 |      0 |      0 |    330 |   1 |  475.0 |
       Ossuary |    368 |    368 |      0 |      0 |    208 |   1 |  368.0 |
        Bailey |    409 |    409 |      0 |      0 |    226 |   1 |  409.0 |
               +--------+--------+--------+--------+--------+-----+--------+

Top non-repeatable levels by time:
 Snake:1: 3985 daAuts
 Snake:4: 2297 daAuts
  Lair:5: 2233 daAuts
 Snake:3: 2057 daAuts
  Lair:2: 1862 daAuts
 Snake:2: 1801 daAuts
Shoals:1: 1800 daAuts
    D:13: 1766 daAuts
Shoals:4: 1745 daAuts
Shoals:3: 1588 daAuts
    D:14: 1577 daAuts
    D:12: 1479 daAuts
  Lair:1: 1475 daAuts
    D:11: 1474 daAuts
     D:7: 1396 daAuts
